 Dungeon Crawl Stone Soup version 0.26-a0-683-g5206c1d7ac (webtiles) character file.

Game seed: 3210792221033104672

18340 lunkers the Earth Mage (level 12, 0/97 HPs)
             Began as a Formicid Earth Elementalist on Oct 22, 2020.
             Was an Elder of Vehumet.
             Killed from afar by Nergalle (32 damage)
             ... with a bolt of negative energy
             ... on level 12 of the Dungeon.
             The game lasted 00:32:34 (17764 turns).

lunkers the Earth Mage (FoEE)                      Turns: 17764, Time: 00:32:34

Health: 0/97       AC: 12    Str: 13    XL:     12   Next: 93%
Magic:  1/25       EV: 10    Int: 20    God:    Vehumet [****..]
Gold:   755        SH: 10    Dex: 13    Spells: 15/30 levels left

rFire    + . .     SeeInvis +   a - staff of conjuration
rCold    + . .     Faith    .   q - +0 kite shield
rNeg     . . .     Spirit   .   c - +0 robe
rPois    .         Reflect  .   (helmet unavailable)
rElec    .         Harm     .   n - +2 cloak
rCorr    .         Rampage  .   i - +2 pair of gloves
MR       +....                  (no boots)
Stlth    ++........             (no amulet)
HPRegen  0.26/turn              B - +4 ring of protection
MPRegen  0.19/turn              x - ring of Satisfaction {rF+ rC+ Dex+2}

@: lethally poisoned (0 -> -3), heavily drained
A: permanent stasis, dig shafts and tunnels, four strong arms, antennae 3
a: Dig, Shaft Self, Renounce Religion


You were on level 12 of the Dungeon.
You worshipped Vehumet.
Vehumet was greatly pleased with you.
You visited 2 branches of the dungeon, and saw 16 of its levels.
You also visited: Sewer.

You collected 827 gold pieces.
You spent 72 gold pieces at shops.

Inventory:

Hand Weapons
 b - a +3 dagger of draining
 k - the +9 hand axe "Ikyleh" {drain, rPois MR- Stlth+}
   (You found it on level 5 of the Dungeon)

   A truly terrible weapon, it drains the life of those it strikes.
   It protects you from poison.
   It affects your resistance to hostile enchantments.
   It makes you more stealthy.
 A - a +4 great sword
Missiles
 s - 144 stones (quivered)
Armour
 c - a +0 robe (worn)
 i - a +2 pair of gloves (worn)
 n - a +2 cloak (worn)
 q - a +0 kite shield (worn)
Magical Staves
 a - an uncursed staff of conjuration (weapon)
Jewellery
 w - a +6 ring of dexterity
 x - the ring of Satisfaction (right hand) {rF+ rC+ Dex+2}
   (You found it on level 5 of the Dungeon)

   [ring of protection from fire]

   It affects your dexterity (+2).
   It protects you from fire.
   It protects you from cold.
 B - a +4 ring of protection (left hand)
 D - an uncursed amulet of the acrobat
 F - an uncursed ring of poison resistance
 L - an uncursed amulet of guardian spirit
Wands
 h - a wand of random effects (11)
 j - a wand of digging (5)
 o - a wand of polymorph (14)
 H - a wand of paralysis (10)
 J - a wand of iceblast (15)
 M - a wand of flame (28)
Scrolls
 d - 2 scrolls of immolation {unknown}
 f - 2 scrolls of enchant weapon
 g - 2 scrolls of amnesia
 m - a scroll of fog {unknown}
 r - 4 scrolls of remove curse
 v - 2 scrolls of fear {unknown}
 y - 2 scrolls of identify
 C - a scroll of holy word {unknown}
 I - 2 scrolls of summoning {unknown}
 P - a scroll of enchant armour {unknown}
Potions
 e - 11 potions of curing
 l - 2 potions of haste {unknown}
 p - a potion of flight
 t - 4 potions of magic
 u - 4 potions of might
 z - 4 potions of lignification
 E - 3 potions of ambrosia
 G - 2 potions of stabbing {unknown}
 K - a potion of invisibility {unknown}
 N - a potion of berserk rage {unknown}
 O - a potion of resistance {unknown}


   Skills:
 + Level 9.7(8.0) Fighting
 - Level 1.7(0.3) Dodging
 - Level 2.4(1.0) Stealth
 - Level 9.0(7.3) Shields
 + Level 9.9(8.2) Spellcasting
 - Level 2.0(0.6) Conjurations
 - Level 1.1(0.0) Transmutations
 * Level 15.6(13.6) Earth Magic


You had 15 spell levels left.
You knew the following spells:

 Your Spells              Type           Power        Failure   Level
a - Stone Arrow           Conj/Erth      ######       1%          3
b - Passwall              Tmut/Erth      #####...     1%          2
c - Sandblast             Erth           ######       1%          1
d - Lee's Rapid Deconstr  Erth           ######....   1%          5
e - Petrify               Tmut/Erth      #####...     7%          4

Your spell library contained the following spells:

 Spells                   Type           Power        Failure   Level
 Irradiate                Conj/Tmut      ##........   54%         5
 Mephitic Cloud           Conj/Pois/Air  ##......     9%          3
 Ignite Poison            Fire/Tmut/Pois #.......     10%         3
 Animate Skeleton         Necr           #.....       12%         1
 Apportation              Tloc           #.....       12%         1
 Corona                   Hex            #......      12%         1
 Sting                    Tmut/Pois      #...         12%         1
 Summon Small Mammal      Summ           #...         12%         1
 Poisonous Vapours        Pois/Air       #.....       19%         2
 Olgreb's Toxic Radiance  Pois           #.......     28%         4


Dungeon Overview and Level Annotations

Branches:
Dungeon (15/15)            Temple (1/1) D:5            Lair (0/6) D:9
 Vaults (0/5) D:13          Sewer (visited)
    Orc: D:9-12      Depths: D:15

Altars:
Ashenzari
Cheibriados
Dithmenos
Elyvilon
Fedhas
Gozag
Hepliaklqana
Kikubaaqudgha
Makhleb
Nemelex Xobeh
Okawaru
Qazlal
Ru
Sif Muna
Trog
Uskayaw
Vehumet
Wu Jian
Xom
Yredelemnul
Zin
The Shining One

Shops:
D:6 *   D:14 *

Annotations:
D:6 2 runed translucent doors, polo's ghost, novice OpEE
D:12 Nergalle
D:14 exclusion: ice statue


Innate Abilities, Weirdness & Mutations

You cannot be hasted, slowed, berserked, paralysed or teleported.
You can dig through walls and to a lower floor.
Your four strong arms can wield two-handed weapons with a shield.
You have a pair of large antennae on your head. (SInv)


Message History

You feel sick.
Nergalle mutters something.
Nergalle closely misses you.
The spectral orc knight closely misses you.
The spectral orc warrior hits you but does no damage.
Unknown command.
Unknown command.
Casting: Sandblast (safe; 1% risk of failure)
Confirm with . or Enter, or press ? or * to list all spells.
Aiming: Sandblast (safe; 1% risk of failure)
Press: ? - help, Shift-Dir - straight line, f/p - Nergalle
Aim: Nergalle, wielding a +3 dagger of venom and wearing a +0 robe (almost dead)
The blast of sand hits Nergalle but does no damage.
Nergalle is almost dead.
s - 144 stones
* * * LOW MAGIC WARNING * * *
You block the spectral orc warrior's attack.
Nergalle points at you and mumbles some strange words.
The bolt of negative energy hits you!!
You feel drained.
You die...

#....Z #.....#
#...........#.....####
#........$..#.....#...
#####.......#.....#.## {
#....†..#.....#.# {
#.............#.# {
#Z............#.##
#####Zo............... .
#...#@# #.........####
....##.#.ZZ###........##
.......>..Z..........##
{ #####.###....#.....#.
{ .. ...### #..##. {{ ##
.....# ##. #. { .<....#
# #......# +.......


You could see Nergalle, a spectral orc (summoned), 3 spectral orc warriors and a
spectral orc knight (summoned).

Vanquished Creatures
  Gastronok (D:8)
  2 centaur warriors
  2 two-headed ogres
  2 unseen horrors
  An ugly thing (D:13)
  A cyclops (D:11)
  2 centaur zombies (D:13)
  3 gargoyles
  2 tengu conjurers (D:13)
  4 trolls
  A slime creature (D:13)
  12 yaks
  A vampire (D:12)
  2 steam dragons
  4 vampire mosquitoes (D:13)
  2 wargs (D:9)
  A soldier ant (D:13)
  A black bear (D:9)
  7 orc warriors
  4 phantoms
  3 ice beasts
  2 sky beasts
  8 ogres
  9 centaurs
  3 big kobolds
  8 bullfrogs
  A scorpion (D:7)
  6 killer bees
  3 wights (D:6)
  A vampire bat (D:7)
  8 electric eels
  5 howler monkeys
  A quasit (D:14)
  2 bullfrog zombies
  3 jellies
  10 orc priests
  6 hounds
  2 centaur skeletons
  8 orc wizards
  A bullfrog skeleton (D:4)
  2 iguanas
  Terence (D:2)
  7 worker ants
  A hound skeleton (D:5)
  A howler monkey zombie (D:9)
  3 gnolls (D:10)
  19 adders
  4 river rats
  2 shadow imps
  3 white imps (D:9)
  3 ufetubi
  6 oozes
  2 adder skeletons (D:4)
  7 worms
  4 dart slugs
  8 leopard geckos
  38 orcs
  4 ball pythons
  15 bats
  12 giant cockroaches
  12 goblins
  6 hobgoblins
  13 jackals
  9 kobolds
  3 quokkas
  4 frilled lizards
  2 leopard gecko skeletons
  A leopard gecko zombie (D:5)
  A quokka skeleton (D:8)
  13 rats
351 creatures vanquished.

Vanquished Creatures (others)
  An orc wizard (D:4)
  An adder (D:4)
  An orc (D:4)
  2 giant cockroaches (D:4)
  A jackal (D:4)
6 creatures vanquished.

Grand Total: 357 creatures vanquished

Notes
Turn   | Place    | Note
-------+----------+-------------------------------------------
     0 | D:1      | lunkers the Formicid Earth Elementalist began the quest for
                  | the Orb.
     0 | D:1      | Reached XP level 1. HP: 13/13 MP: 3/3
   109 | D:1      | Reached skill level 4 in Earth Magic
   131 | D:1      | Reached XP level 2. HP: 19/19 MP: 3/5
   396 | D:1      | Reached XP level 3. HP: 24/24 MP: 1/6
  1123 | D:2      | Reached skill level 5 in Earth Magic
  1217 | D:2      | Reached XP level 4. HP: 30/30 MP: 6/8
  1297 | D:2      | Noticed Terence
  1322 | D:2      | Killed Terence
  1447 | D:2      | Noticed an ogre
  1451 | D:2      | Killed an ogre
  1451 | D:2      | Reached skill level 6 in Earth Magic
  1451 | D:2      | Reached XP level 5. HP: 35/35 MP: 3/10
  1836 | D:3      | Reached XP level 6. HP: 39/41 MP: 5/11
  2020 | D:3      | Reached skill level 7 in Earth Magic
  2357 | D:3      | Learned a level 2 spell: Passwall
  2361 | D:3      | Learned a level 3 spell: Stone Arrow
  2575 | D:3      | Noticed an ogre
  2586 | D:3      | Killed an ogre
  2586 | D:3      | Reached skill level 1 in Fighting
  2586 | D:3      | Reached skill level 1 in Shields
  2586 | D:3      | Reached XP level 7. HP: 40/48 MP: 4/13
  2874 | D:4      | Found a glowing drain.
  2883 | Sewer    | Entered a sewer
  3272 | Sewer    | Reached skill level 8 in Earth Magic
  3747 | Sewer    | Reached XP level 8. HP: 57/57 MP: 9/15
  3884 | Sewer    | Learned a level 5 spell: Lee's Rapid Deconstruction
  4480 | D:4      | Reached skill level 5 in Spellcasting
  4500 | D:4      | Reached skill level 1 in Conjurations
  4593 | D:4      | Found a shimmering altar of Xom.
  4610 | D:4      | Reached skill level 9 in Earth Magic
  4918 | D:5      | Entered Level 5 of the Dungeon
  5228 | D:5      | Got a translucent glass ring
  5323 | D:5      | Identified the ring of Satisfaction {rF+ rC+ Dex+2} (You
                  | found it on level 5 of the Dungeon)
  5329 | D:5      | Reached XP level 9. HP: 64/64 MP: 14/17
  5592 | D:5      | Found a staircase to the Ecumenical Temple.
  5608 | Temple   | Entered the Ecumenical Temple
  5858 | Temple   | Became a worshipper of Vehumet
  5965 | D:5      | Found a blossoming altar of Fedhas.
  5969 | D:5      | Got an ichor-stained hand axe
  5970 | D:5      | Identified the +9 hand axe "Ikyleh" {drain, rPois MR-
                  | Stlth+} (You found it on level 5 of the Dungeon)
  6576 | D:6      | Found Ucijoy's Lightly-Used Armoury.
  6700 | D:5      | Learned a level 4 spell: Petrify
  6790 | D:6      | Reached skill level 10 in Earth Magic
  7210 | D:6      | Reached skill level 5 in Shields
  7397 | D:6      | Found a runed translucent door.
  7399 | D:6      | Noticed polo's ghost (novice OpEE)
  7463 | D:6      | Found a glowing silver altar of Zin.
  7653 | D:6      | Found a bloodstained altar of Trog.
  7654 | D:6      | Found a stormy altar of Qazlal.
  7658 | D:6      | Found a white marble altar of Elyvilon.
  7659 | D:6      | Found a basalt altar of Yredelemnul.
  7661 | D:6      | Found a shadowy altar of Dithmenos.
  7662 | D:6      | Found a shimmering altar of Xom.
  7662 | D:6      | Found a sparkling altar of Nemelex Xobeh.
  7791 | D:6      | Found a runed translucent door.
  8316 | D:7      | Reached * piety under Vehumet
  8316 | D:7      | Offered knowledge of Magic Dart by Vehumet.
  8718 | D:7      | Reached skill level 5 in Fighting
  9026 | D:8      | Noticed Gastronok
  9034 | D:8      | Killed Gastronok
  9034 | D:8      | Reached skill level 11 in Earth Magic
  9034 | D:8      | Reached XP level 10. HP: 66/76 MP: 12/20
  9364 | D:8      | Found a broken altar of Ashenzari.
  9570 | D:8      | Reached skill level 12 in Earth Magic
  9766 | D:8      | Offered knowledge of Searing Ray by Vehumet.
  9766 | D:8      | Reached ** piety under Vehumet
 10758 | D:9      | Reached XP level 11. HP: 83/83 MP: 1/22
 10878 | D:9      | Found a staircase to the Lair.
 10884 | D:9      | Offered knowledge of Ignite Poison by Vehumet.
 11152 | D:9      | Found a shadowy altar of Dithmenos.
 11861 | D:10     | Entered Level 10 of the Dungeon
 12056 | D:10     | Reached *** piety under Vehumet
 12508 | D:10     | Reached skill level 13 in Earth Magic
 12759 | D:10     | Found a broken altar of Ashenzari.
 13212 | D:11     | Noticed a cyclops
 13241 | D:11     | Killed a cyclops
 13700 | D:11     | Offered knowledge of Dazzling Flash by Vehumet.
 15270 | D:12     | Reached **** piety under Vehumet
 15461 | D:12     | Noticed Nergalle
 15470 | D:12     | Noticed a spectral orc warlord
 15474 | D:12     | You fall into a shaft and drop 3 floors!
 15474 | D:15     | Entered Level 15 of the Dungeon
 15474 | D:15     | Noticed an unseen horror
 15480 | D:15     | Killed an unseen horror
 15480 | D:15     | Reached skill level 14 in Earth Magic
 15480 | D:15     | Reached XP level 12. HP: 29/93 MP: 4/24
 15485 | D:15     | Noticed a six-headed hydra
 15492 | D:14     | Noticed a two-headed ogre
 15498 | D:14     | Killed a two-headed ogre
 15813 | D:14     | Found Zes Ups's Assorted Antiques.
 15818 | D:14     | Bought a brown potion for 23 gold pieces
 15818 | D:14     | Bought a scroll labeled QUAGUG OCLUSIMM for 26 gold pieces
 15818 | D:14     | Bought a metallic emerald potion for 23 gold pieces
 15861 | D:14     | Noticed an unseen horror
 15864 | D:14     | Killed an unseen horror
 15865 | D:14     | Noticed a centaur warrior
 15869 | D:14     | Killed a centaur warrior
 15874 | D:14     | Offered knowledge of Irradiate by Vehumet.
 16401 | D:13     | Reached skill level 15 in Earth Magic
 16404 | D:13     | Noticed a two-headed ogre
 16433 | D:13     | Killed a two-headed ogre
 16990 | D:13     | Noticed a centaur warrior
 17019 | D:13     | Noticed a vault guard
 17049 | D:13     | Killed a centaur warrior
 17676 | D:13     | Found a gate to the Vaults.
 17676 | D:13     | Noticed a vault guard
 17676 | D:13     | Noticed a vault guard
 17676 | D:13     | Noticed a vault guard
 17682 | D:13     | Noticed an unseen horror
 17764 | D:12     | Killed from afar by Nergalle

Illustrated notes

Levels and vault maps discovered:
D:1:      minmay_arrival_nine_rooms, layout_loops_corners
D:2:      layout_rooms, uniq_terence
D:3:      layout_loops_ring, minmay_ogre_servants
D:4:      layout_cave_pools, lightli_sewer_entry_pipes, xom_confusion_cloud
D:5:      layout_layer_cave, fedhas_altar_fruit_tree,
          minmay_temple_entry_statues_pillars
D:6:      lemuel_ice_spiral_2, layout_basic, grunt_temple_overflow_open,
          zin_academy, ebering_ghost_sewer_f, minmay_shop_damaged
D:7:      layout_cave_pods, roderic_batcave, chequers_big_river
D:8:      layout_basic, nicolae_ashenzari_panopticon, uniq_gastronok
D:9:      layout_roguey, erik_lair_orcish_takeover, serial_co_window_serial,
          co_window_corner_a, co_window_paths_a, co_window_paths_a,
          co_window_paths_a, co_window_of_opportunity_a, co_window_2corner,
          co_window_2corner, co_window_corner_b, co_window_of_opportunity_b,
          glass_columns_b, nicolae_dithmenos_the_darkroom
D:10:     layout_basic, basic_altar
D:11:     layout_irregular_city
D:12:     minmay_crescents, layout_basic, orc_0_dummy, serial_shops,
          nicolae_shop_stone, tso_altar, uniq_nergalle
D:13:     layout_loops_ring, lightli_vaults_fourway_checkpoint
D:14:     layout_roguey, nicolae_trove_entry_crossroad, serial_shops,
          kennysheep_mini, shop, minivault_16
D:15:     hangedman_depths_entry_try_elsewhere_first, layout_grid_maze,
          minmay_misc_feat_columns, serial_shops, shop, uniq_rupert
Temple:   nicolae_temple_figure_eight

Skill      XL: |  1  2  3  4  5  6  7  8  9 10 11 12 |
---------------+-------------------------------------+-----
Earth Magic    | 4 5 6 7 8 9 11 12 14 15 | 15.6
Spellcasting   | 3 4 5 7 8 9 |  9.9
Fighting       | 1 2 3 6 8 9 |  9.7
Shields        | 1 2 4 6 7 9 |  9.0
Conjurations   | 2 |  2.0
Dodging        | |  1.7
Stealth        | |  2.4
Transmutations | |  1.1

Action                   |  1- 3 |  4- 6 |  7- 9 | 10-12 || total
-------------------------+-------+-------+-------+-------++-------
Melee: Dagger            |       |       |   209 |       ||   209
       Staff             |       |       |     9 |    24 ||    33
Throw: Stone             |     2 |       |       |    11 ||    13
 Cast: Sandblast         |    35 |    66 |   103 |    61 ||   265
       Stone Arrow       |       |       |    67 |   296 ||   363
       Lee's Rapid Decon |       |       |       |     4 ||     4
 Abil: Shaft Self        |       |       |       |     1 ||     1
       Dig               |       |       |       |     2 ||     2
Evoke: Wand              |       |       |       |     2 ||     2
  Use: Scroll            |       |       |    12 |     1 ||    13
 Stab: Sleeping          |       |       |     4 |       ||     4
Armor: Robe              |       |     1 |    65 |    52 ||   118
Dodge: Dodged            |     6 |    13 |   102 |    69 ||   190
Block: Kite shield       |       |       |   109 |   106 ||   215

Table legend: (Time is in decaauts)
 A = Elapsed time spent in this place.
 B = Non-inter-level travel time spent in this place.
 C = Inter-level travel time spent in this place.
 D = Time resting spent in this place.
 E = Time spent auto-exploring this place.
 F = Levels seen in this place.
 G = Mean time per level.
                   A        B        C        D        E       F      G
               +--------+--------+--------+--------+--------+-----+--------+
         Total |  17997 |  17576 |    421 |    854 |  14036 |  17 | 1058.6 |
       Dungeon |  16145 |  15750 |    395 |    666 |  12726 |  15 | 1076.3 |
        Temple |    265 |    239 |     26 |      0 |    238 |   1 |  265.0 |
         Sewer |   1586 |   1586 |      0 |    188 |   1072 |   1 | 1586.0 |
               +--------+--------+--------+--------+--------+-----+--------+

Top non-repeatable levels by time:
    D:13: 1829 daAuts
    D:11: 1761 daAuts
   Sewer: 1586 daAuts
     D:9: 1489 daAuts
    D:10: 1450 daAuts
     D:8: 1417 daAuts
     D:5: 1394 daAuts
     D:6: 1314 daAuts
     D:1: 1075 daAuts
     D:7: 1069 daAuts
     D:3: 947 daAuts
     D:4: 787 daAuts
     D:2: 731 daAuts
    D:12: 452 daAuts
    D:14: 405 daAuts
